 Dungeon Crawl Stone Soup version 0.30-a0-567-gf7fd966b4a (webtiles) character file.

Game seed: 14873976454188957673

107 Armakuni the Sneak (level 5, 0/37 HPs)
             Began as a Human Wanderer on Dec 28, 2022.
             Slain by a gnoll
             ... wielding a +0 halberd
              (14 damage)
             ... on level 2 of the Dungeon.
             The game lasted 00:06:14 (1378 turns).

Armakuni the Sneak (Human Wanderer)                 Turns: 1378, Time: 00:06:14

Health: 0/37       AC:  5    Str: 11    XL:     5   Next: 10%
Magic:  6/6        EV: 11    Int: 10    God:
Gold:   142        SH:  0    Dex: 18    Spells: 6/6 levels left

rFire   . . .      SeeInvis .    a - +2 dagger
rCold   . . .      Faith    .    (no shield)
rNeg    . . .      Spirit   .    f - +0 leather armour
rPois   .          Reflect  .    g - +0 helmet
rElec   .          Harm     .    (no cloak)
rCorr   .          Rampage  .    (no gloves)
Will    .....                    j - +0 pair of boots
Stlth   +++                      (no amulet)
HPRegen 0.26/turn                (no ring)
MPRegen 0.10/turn                (no ring)

@: no status effects
A: no striking features
a: no special abilities


You were on level 2 of the Dungeon.
You visited 1 branch of the dungeon, and saw 2 of its levels.

You collected 142 gold pieces.

Inventory:

Hand Weapons
 a - a +2 dagger (weapon)
 c - a +0 mace
Armour
 d - a +0 pair of boots
 f - a +0 leather armour (worn)
 g - a +0 helmet (worn)
 j - a +0 pair of boots (worn)
Scrolls
 b - 2 scrolls of blinking
 o - a scroll of amnesia
Potions
 e - 3 potions of haste
 h - 2 potions of mutation
 i - a potion of curing {unknown}
 k - a potion of attraction


   Skills:
 - Level 1.0 Fighting
 - Level 2.0 Maces & Flails
 - Level 1.0 Dodging
 + Level 7.0 Stealth
 - Level 1.0 Spellcasting


You had 6 spell levels left.
You didn't know any spells.
Your spell library contained the following spells:

 Spells                   Type           Power      Damage    Failure   Level
 Beastly Appendage        Tmut           0%         N/A       41%         1
 Wereblood                Tmut           0%         N/A       56%         2
 Ignite Poison            Fire/Tmut/Pois 0%         N/A       80%         3
 Spider Form              Tmut/Pois      0%         N/A       80%         3
 Sticky Flame             Conj/Fire      0%         2d3       99%         4
 Ignition                 Fire           0%         3d3       100%        8


Dungeon Overview and Level Annotations

Branches:
Dungeon (2/15)

Altars:


Message History

The ball python grabs you. The ball python constricts you.
You hit the ball python.
You kill the ball python!
No target in view!
You see here a ball python corpse.
You see here a ball python corpse.
You see here 6 stones.
You open the door.
There is an open door here.
You see here 5 stones.
You see here a +0 club.
You see here a +0 dagger.
There is an open door here.
Done exploring.
There is a stone staircase leading down here.
You climb downwards.
There is a stone staircase leading up here.
The gnoll shouts!
You start waiting.
A gnoll is nearby!
The gnoll misses you.
You hit the gnoll.
The gnoll is lightly wounded.
The gnoll closely misses you.
You barely miss the gnoll.
The gnoll is lightly wounded.
The gnoll hits you with a +0 halberd!
You hit the gnoll but do no damage.
The gnoll is lightly wounded.
The gnoll barely misses you.
You hit the gnoll but do no damage.
The gnoll is lightly wounded.
The gnoll hits you with a +0 halberd!
You closely miss the gnoll.
The gnoll is lightly wounded.
The gnoll misses you.
You hit the gnoll.
The gnoll is moderately wounded.
The gnoll hits you with a +0 halberd!
You die...

.# #.# *,* #. .#
#.## *,*****#.
.###### #..###
*,,,,,,.. ......#
#....# *******##
#####.# ##.#.# #
#.# #.#.# # #.#
#.#.# # #.#
###.#g#############
#*###.#
#.....@...........#
.,..#.#
#.#.#.###########.#
**#.#.# #.#.#.###
#.# #.#.# #.#.#.>.#
#.# ###.#.#
#.#.###.# #.#
#.....# #.#.# #.#
#.# #<###.# #.#.#
#.# ######.## ..#
#.# #.#.# #.#
#.......# #.#*#.#
#.#.###.##
#.......####


You could see a gnoll.

Vanquished Creatures
  2 gnolls (D:2)
  5 adders (D:2)
  5 endoplasms
  A giant cockroach (D:2)
  2 goblins
  7 hobgoblins
  2 quokkas
  9 ball pythons
  2 bats (D:2)
  3 frilled lizards (D:1)
  A kobold (D:2)
  4 rats
43 creatures vanquished.

Notes
Turn   | Place    | Note
-------+----------+-------------------------------------------
     0 | D:1      | Armakuni the Human Wanderer began the quest for the Orb.
     0 | D:1      | Armakuni set off with the following items: a +2 dagger, a
                  | scroll of blinking, a +0 mace, a +0 pair of boots, a potion
                  | of haste, a +0 leather armour.
     0 | D:1      | Reached XP level 1. HP: 15/15 MP: 2/2
   114 | D:1      | Reached XP level 2. HP: 19/21 MP: 3/3
   238 | D:2      | Reached XP level 3. HP: 26/26 MP: 4/4
   276 | D:2      | Reached skill level 6 in Stealth
   374 | D:2      | Found a faded altar of an unknown god.
   402 | D:2      | Reached XP level 4. HP: 29/32 MP: 5/5
   652 | D:2      | Reached XP level 5. HP: 14/37 MP: 6/6
   657 | D:2      | HP: 1/55 [gnoll/+0 halberd (5)]
   870 | D:1      | Reached skill level 7 in Stealth
  1378 | D:2      | Slain by a gnoll

Illustrated notes

Levels and vault maps discovered:
D:1:      psy_arrival_fountain, layout_basic
D:2:      layout_loops_ring, ebering_ecumenical_altar_sacrificial

Skill      XL: |  1  2  3  4  5 |
---------------+----------------+-----
Stealth        | 6 7 |  7.0
Fighting       | |  1.0
Maces & Flails | |  2.0
Dodging        | |  1.0
Spellcasting   | |  1.0

Action                   |  1- 3 |  4- 6 || total
-------------------------+-------+-------++-------
Melee: Dagger            |    53 |    70 ||   123
       Punch             |     1 |       ||     1
  Use: Scroll            |     2 |     5 ||     7
       Potion            |       |     3 ||     3
 Stab: Sleeping          |     7 |     6 ||    13
       Invisible         |       |     2 ||     2
Armor: Leather armour    |    18 |    15 ||    33
       Skin              |       |    13 ||    13
Dodge: Dodged            |    25 |    36 ||    61

Table legend: (Time is in decaauts)
 A = Elapsed time spent in this place.
 B = Non-inter-level travel time spent in this place.
 C = Inter-level travel time spent in this place.
 D = Time resting spent in this place.
 E = Time spent auto-exploring this place.
 F = Levels seen in this place.
 G = Mean time per level.
                   A        B        C        D        E       F      G
               +--------+--------+--------+--------+--------+-----+--------+
         Total |   1378 |   1335 |     43 |    123 |    641 |   2 |  689.0 |
       Dungeon |   1378 |   1335 |     43 |    123 |    641 |   2 |  689.0 |
               +--------+--------+--------+--------+--------+-----+--------+

Top non-repeatable levels by time:
     D:1: 806 daAuts
     D:2: 571 daAuts
